 Dungeon Crawl Stone Soup version 0.21.1-1-g345015f (webtiles) character file.

103 shakethe the Firebug (level 4, 0/24 HPs)
             Began as a Tengu Fire Elementalist on Feb 9, 2018.
             Shot with a stone by a goblin (6 damage)
             ... led by Robin
             ... on level 2 of the Dungeon.
             The game lasted 00:08:33 (1695 turns).

shakethe the Firebug (Tengu Fire Elementalist)      Turns: 1695, Time: 00:08:33

Health: 0/24       AC:  5    Str: 11      XL:     4   Next: 79%
Magic:  0/9        EV: 13    Int: 14 (16) God:
Gold:   92         SH:  0    Dex: 15 (16) Spells: 7/8 levels left

rFire    . . .     SeeInvis .   u - -2 dagger (curse)
rCold    . . .     Gourm    .   (no shield)
rNeg     . . .     Faith    .   a - +0 robe
rPois    .         Spirit   .   (helmet restricted)
rElec    .         Reflect  .   (no cloak)
rCorr    .         Harm     .   r - +2 pair of gloves
MR       .....                  (boots unavailable)
Stlth    +++.......             (no amulet)
HPRegen  0.08/turn              d - ring of flight {+Fly, !d}
MPRegen  0.11/turn              (no ring)

@: very slightly contaminated
A: beak, talons 3, thin skeletal structure 1, strong 1
a: Evoke Flight


You were on level 2 of the Dungeon.
You were not hungry.

You visited 1 branch of the dungeon, and saw 2 of its levels.

You collected 92 gold pieces.

Inventory:

Hand Weapons
 h - a +0 hunting sling
   (You found it on level 1 of the Dungeon)
 i - a +0 dagger
   (You took it off a kobold on level 1 of the Dungeon)
 u - a cursed -2 dagger (weapon)
   (You took it off a goblin on level 2 of the Dungeon)
Missiles
 m - a throwing net {=f, !d}
Armour
 a - a +0 robe (worn)
 n - a scarf of repulsion
   (You found it on level 2 of the Dungeon)
 r - a +2 pair of gloves (worn)
   (You found it on level 2 of the Dungeon)
Jewellery
 d - a ring of flight (left hand) {+Fly, !d}
   (You found it on level 1 of the Dungeon)
Scrolls
 e - 2 scrolls of blinking {!r}
 j - a scroll of enchant armour
 k - 2 scrolls of teleportation
 l - a scroll of remove curse {unknown}
 q - a scroll of amnesia
Potions
 g - a potion of curing
Books
 b - a book of Flames
Comestibles
 c - 5 rations


   Skills:
 - Level 2.1 Dodging
 - Level 2.0 Stealth
 + Level 2.7 Spellcasting
 + Level 3.1 Conjurations
 * Level 4.7 Fire Magic


You had 7 spell levels left.
You knew the following spells:

 Your Spells              Type           Power        Failure   Level  Hunger
a - Flame Tongue          Conj/Fire      ##...        4%          1    #......


Dungeon Overview and Level Annotations

Branches:
Dungeon (2/15)

Altars:

Annotations:
D:2 Robin


Innate Abilities, Weirdness & Mutations

You have a beak for a mouth.
You have claws for feet.
You have a somewhat thin skeletal structure. (Dex +2, Stealth)
Your muscles are strong. (Str +2)


Message History

Aim: a worm (heavily wounded)
The flame tongue hits the worm.
The bat misses you. The bat hits you but does no damage.
You now have 6/9 mp.
Aim: a worm (severely wounded)
The flame tongue hits the worm.
The bat hits you but does no damage. x2
The worm bites you.
You take 1 damage, and have 23/24 hp.
You now have 5/9 mp.
The hobgoblin completely misses you.
Aim: a worm (almost dead)
The flame tongue misses the hobgoblin.
The flame tongue hits the worm.
You kill the worm!
The hobgoblin barely misses you. The hobgoblin closely misses you.
You now have 4/9 mp.
The hobgoblin hits you but does no damage.
You closely miss the hobgoblin.
You kill the hobgoblin!
The goblin hits you with a club.
You take 4 damage, and have 19/24 hp.
You closely miss the goblin. Your kick misses the goblin. The bat hits you.
The hobgoblin barely misses you. The goblin hits you.
You take 2 damage, and have 17/24 hp.
The bat barely misses you.
Aim: a hobgoblin, wielding a club The flame tongue hits the hobgoblin.
The bat hits you.
You take 1 damage, and have 16/24 hp.
You now have 4/9 mp.
The bat barely misses you. The bat misses you.
The goblin unwields an uncursed club.
The goblin wields a runed hunting sling.
It bursts into flame!
The goblin shoots a stone.
The stone hits you. The stone burns you.
You see here a stone.
You take 4 damage, and have 13/24 hp.
The bat closely misses you. The bat hits you but does no damage.
The bat closely misses you. The bat closely misses you.
The bat barely misses you. The bat barely misses you. The bat hits you.
The bat misses you.
You take 1 damage, and have 12/24 hp.
The bat barely misses you. The bat hits you but does no damage.
The bat barely misses you. The bat misses you.
The bat hits you but does no damage. The bat hits you but does no damage.
The bat hits you but does no damage. The bat hits you.
You take 1 damage, and have 12/24 hp.
The bat barely misses you. x2
The bat completely misses you. The bat hits you but does no damage.
The bat hits you.
You take 1 damage, and have 11/24 hp.
The bat barely misses you. The bat hits you but does no damage.
The bat hits you. The bat hits you but does no damage.
You take 1 damage, and have 10/24 hp.
Aim: a bat The flame tongue hits the bat.
The bat barely misses you. The bat barely misses you. The bat hits you.
You take 1 damage, and have 9/24 hp.
Aim: a bat (moderately wounded)
You miscast Flame Tongue.
You are very lightly contaminated with residual magic.
Sparks fly from your hands! The bat barely misses you. The bat misses you.
You now have 5/9 mp.
The bat misses you. The bat hits you but does no damage.
Aim: a bat The flame tongue hits the bat.
You kill the bat!
You now have 4/9 mp.
You don't know that spell.
Aim: a goblin The flame tongue hits the goblin.
The goblin misses you.
You now have 3/9 mp.
Aim: a goblin (severely wounded)
The flame tongue hits the goblin.
You kill the goblin!
You now have 2/9 mp.
Okay, then.
Aim: a goblin The flame tongue hits the goblin.
You now have 1/9 mp.
Aim: a goblin (severely wounded)
The flame tongue hits the goblin.
You kill the goblin!
You hit the hobgoblin. You claw the hobgoblin. The hobgoblin barely misses you.
You hit the hobgoblin but do no damage. The hobgoblin closely misses you.
You closely miss the hobgoblin. Your kick misses the hobgoblin.
Your peck misses the hobgoblin. The hobgoblin hits you with a club.
* * * LOW HITPOINT WARNING * * *
You take 5 damage, and have 5/24 hp.
MASSIVE DAMAGE!!
Okay, then.
Okay, then.
Aim: a hobgoblin, wielding a club (almost dead)
The flame tongue hits the hobgoblin.
You kill the hobgoblin!
The goblin shoots a stone.
The stone hits you.
You die...

#.# #.........#....[....### ####
#.# ###########.........8.8
...###.# ###############..††)
.....).# #...#.........#...).
...###.#######...#.#######.#...).
.##..............#.# #.#.....
.##.##.#######...#.# #.#.....
.##.##.######......#######.#..8.8
.##.#....[..#...@........#.######
.................................
....#.>..........)..............#
..#....####.#.####g#.......#....#
..##...# #.#.# #†#.###....#.#.#
.<.....# #.#.# #g#.# #.#......#
..#...#####.#.# #.#.# #.#.###..#
#...#.......#.# #.#.# #.#.# #..#
..#...#.......# #.#.# #.#.# ##.#


You could see 2 goblins.

Vanquished Creatures
  3 adders (D:2)
  An ooze (D:2)
  4 worms (D:2)
  2 dart slugs (D:1)
  2 leopard geckos
  2 giant cockroaches (D:1)
  9 hobgoblins
  3 jackals
  4 kobolds
  A ball python (D:2)
  2 bats (D:2)
  2 frilled lizards
  12 goblins
  3 rats
50 creatures vanquished.

Notes
Turn   | Place    | Note
-------+----------+-------------------------------------------
     0 | D:1      | shakethe the Tengu Fire Elementalist began the quest for the Orb.
     0 | D:1      | Reached XP level 1. HP: 10/10 MP: 4/4
   154 | D:1      | Reached XP level 2. HP: 12/15 MP: 0/6
   356 | D:1      | Reached skill level 2 in Conjurations
   564 | D:2      | Reached skill level 4 in Fire Magic
   564 | D:2      | Reached XP level 3. HP: 19/19 MP: 4/7
  1107 | D:2      | Gained mutation: Your muscles are strong. (Str +2) [potion of mutation]
  1107 | D:2      | Gained mutation: You have a somewhat thin skeletal structure. (Dex +2, Stealth) [potion of mutation]
  1202 | D:2      | Reached XP level 4. HP: 24/24 MP: 4/8
  1398 | D:2      | Reached skill level 3 in Conjurations
  1629 | D:2      | Noticed Robin
  1691 | D:2      | HP: 5/24 [hobgoblin/club[Robin] (5)]
  1695 | D:2      | Shot with a stone by a goblin

Skill      XL: |  1  2  3  4 |
---------------+-------------+-----
Conjurations   | 2 3 |  3.1
Fire Magic     | 4 |  4.7
Dodging        | |  2.1
Stealth        | |  2.0
Spellcasting   | |  2.7

Action                   |  1- 3 |  4- 6 || total
-------------------------+-------+-------++-------
Melee: Dagger            |    10 |    15 ||    25
       Kick              |     4 |     4 ||     8
       Peck              |     1 |       ||     1
 Cast: Flame Tongue      |    50 |    41 ||    91
  Use: Potion            |     6 |     3 ||     9
       Scroll            |     5 |     1 ||     6
  Eat: Chunk             |     1 |     2 ||     3
Armor: Robe              |     7 |    16 ||    23
Dodge: Dodged            |    22 |    41 ||    63

Vault maps used:
D:1:      minmay_arrival_four_loops, hangedman_glass_teeth
D:2:      kennysheep_the_goblin_king, hex_large, uniq_robin

Table legend:
 A = Turns spent in this place as a percentage of turns spent in the entire game.
 B = Non-inter-level travel turns spent in this place as a percentage of non-inter-level travel turns spent in the entire game.
 C = Inter-level travel turns spent in this place as a percentage of turns spent in this place.
 D = Turns resting spent in this place as a percentage of non-inter-level travel turns spent in this place.
 E = Turns spent auto-exploring this place as a percentage of non-inter-level travel turns spent in this place.
 F = Non-inter-level travel turns spent in this place divided by the number of levels of this place that you've seen.
                   A       B       C       D       E      F
               +-------+-------+-------+-------+-------+----------------------
         Total | 100.0 | 100.0 |   3.4 |  15.5 |  39.2 | 818.5
       Dungeon | 100.0 | 100.0 |   3.4 |  15.5 |  39.2 | 818.5
               +-------+-------+-------+-------+-------+----------------------

Table legend:
 A = Kills in this place as a percentage of kills in entire the game.
 B = Kills by you in this place as a percentage of kills by you in the entire game.
 C = Kills by friends in this place as a percentage of kills by friends in the entire game.
 D = Other kills in this place as a percentage of other kills in the entire game.
 E = Experience gained in this place as a percentage of experience gained in the entire game.
 F = Experience gained in this place divided by the number of levels of this place that you have seen.
                   A       B       C       D       E      F
               +-------+-------+-------+-------+-------+----------------------
         Total | 100.0 | 100.0 |   N/A |   N/A | 100.0 |  74.0
       Dungeon | 100.0 | 100.0 |   N/A |   N/A | 100.0 |  74.0
               +-------+-------+-------+-------+-------+----------------------
